 Dungeon Crawl Stone Soup version 0.29.1-15-g9cfb28693d (webtiles) character file.

Game seed: 15185329609308542877

2267 jfcaron the Cleaver (level 9, -10/79 HPs)
             Began as a Minotaur Fighter on Apr 13, 2023.
             Was an Initiate of Ru.
             Mangled by a skeletal warrior
             ... wielding a +0 flail
              (21 damage)
             ... on level 7 of the Dungeon.
             The game lasted 00:11:35 (5768 turns).

jfcaron the Cleaver (Minotaur Fighter)              Turns: 5768, Time: 00:11:36

Health: -10/79     AC: 17    Str: 25    XL:     9   Next: 16%
Magic:  8/8        EV: 10    Int:  5    God:    Ru [......]
Gold:   784        SH:  0    Dex: 10    Spells: 8/8 levels left

rFire   + . .      SeeInvis .   m - +10 battleaxe "Hydra's Death Toll" {pain, rElec rCorr}
rCold   . . .      Faith    .   (shield currently unavailable)
rNeg    . . .      Spirit   .   B - +4 scale mail
rPois   .          Reflect  .   k - +0 hat
rElec   +          Harm     .   u - +0 cloak
rCorr   +          Rampage  .   (no gloves)
Will    .....                   (no boots)
Stlth   ..........              i - amulet of the acrobat
HPRegen 0.23/turn               q - ring of protection from fire
MPRegen 0.11/turn               o - +4 ring of protection

@: no status effects
A: horns 2, no stealth, retaliatory headbutt
a: Renounce Religion


You were on level 7 of the Dungeon.
You worshipped Ru.
Ru was noncommittal.
You visited 1 branch of the dungeon, and saw 7 of its levels.

You collected 784 gold pieces.

Inventory:

Hand Weapons
 a - a +0 war axe
 m - the +10 battleaxe "Hydra's Death Toll" (weapon) {pain, rElec rCorr}
   (You found it on level 2 of the Dungeon)

   In the hands of one skilled in necromantic magic, it inflicts extra damage on
   living creatures.
   rElec:     It insulates you from electricity.
   rCorr:     It protects you from acid and corrosion.
Armour
 c - a +0 buckler
 k - a +0 hat (worn)
 u - a +0 cloak (worn)
 B - a +4 scale mail (worn)
Magical Staves
 g - a staff of poison
Jewellery
 e - a ring of see invisible
 i - an amulet of the acrobat (around neck)
 l - a ring of resist corrosion
 o - a +4 ring of protection (right hand)
 q - a ring of protection from fire (left hand)
Wands
 t - a wand of mindburst (18)
 w - a wand of roots (5)
Scrolls
 b - a scroll of identify
 f - 2 scrolls of blinking
 p - 4 scrolls of poison
 y - 2 scrolls of magic mapping
Potions
 d - 2 potions of might
 h - a potion of brilliance
 j - 3 potions of mutation
 n - a potion of haste
 s - 2 potions of lignification {unknown}
 v - 3 potions of attraction
 x - a potion of resistance {unknown}
 z - a potion of curing {unknown}
 A - a potion of flight {unknown}


   Skills:
 + Level 7.5 Fighting
 * Level 9.5 Axes
 + Level 7.5 Armour
 - Level 4.0 Shields
 + Level 3.7 Necromancy


You had 8 spell levels left.
You didn't know any spells.
Your spell library contained the following spells:

 Spells                   Type           Power      Damage    Failure   Level
 Ensorcelled Hibernation  Hex/Ice        0%         N/A       86%         2
 Poisonous Vapours        Pois/Air       0%         N/A       86%         2
 Conjure Flame            Conj/Fire      0%         6-21      98%         3
 Frozen Ramparts          Ice            0%         1d1       98%         3
 Ignite Poison            Fire/Tmut/Pois 0%         N/A       98%         3
 Spider Form              Tmut/Pois      0%         N/A       98%         3
 Stone Arrow              Conj/Erth      0%         3d7       98%         3
 Anguish                  Hex/Necr       0%         N/A       99%         4
 Animate Armour           Summ/Erth      0%         N/A       100%        4
 Corpse Rot               Necr/Pois/Air  1%         N/A       100%        4
 Ice Form                 Ice/Tmut       0%         N/A       100%        4
 Sticky Flame             Conj/Fire      0%         2d3       100%        4
 Summon Ice Beast         Ice/Summ       0%         N/A       100%        4
 Blade Hands              Tmut           0%         N/A       100%        5
 Freezing Cloud           Conj/Ice/Air   0%         6-21      100%        5
 Irradiate                Conj/Tmut      0%         3d11      100%        5
 Simulacrum               Ice/Necr       0%         N/A       100%        6
 Dragon Form              Tmut           0%         N/A       100%        7
 Lehudib's Crystal Spear  Conj/Erth      0%         10d2      100%        8
 Polar Vortex             Ice            0%         N/A       100%        9


Dungeon Overview and Level Annotations

Branches:
Dungeon (7/15)             Temple (0/1) D:4

Altars:
Ashenzari
Makhleb
Ru
Sif Muna
Trog
Vehumet


Innate Abilities, Weirdness & Mutations

You have a pair of horns on your head.
You cannot be stealthy.
You reflexively headbutt those who attack you in melee.


Message History

Press: ? - help, Shift-Dir - straight line, f - skeletal warrior
Aim: a skeletal warrior, wielding a +0 flail (moderately damaged)
The roots erupt in riotous growth!
Roots grab the skeletal warrior.
The grasping roots constrict the skeletal warrior.
You hear an angry hiss.
The skeletal warrior closely misses you.
The roots lose their grip on something.
Okay, then.
Okay, then.
You feel much better.
The skeletal warrior hits you but does no damage.
Aiming: Fastroot
Press: ? - help, Shift-Dir - straight line, f/p - skeletal warrior
Aim: a skeletal warrior, wielding a +0 flail (moderately damaged)
The roots erupt in riotous growth!
Roots grab the skeletal warrior.
The grasping roots constrict the skeletal warrior, but do no damage.
You hear a shout!
The skeletal warrior hits you with a +0 flail.
You slash the skeletal warrior! You headbutt the skeletal warrior.
The skeletal warrior is heavily damaged.
The grasping roots constrict the skeletal warrior!
The skeletal warrior hits you with a +0 flail!
* * * LOW HITPOINT WARNING * * *
You hit the skeletal warrior.
Your headbutt misses the skeletal warrior.
The skeletal warrior is severely damaged.
The grasping roots constrict the skeletal warrior!
The roots release their grip on the skeletal warrior.
The skeletal warrior hits you but does no damage.
You completely miss the skeletal warrior.
The skeletal warrior is almost destroyed.
The skeletal warrior hits you with a +0 flail.
* * * LOW HITPOINT WARNING * * *
The skeletal warrior barely misses you.
You slash the skeletal warrior!
The skeletal warrior is almost destroyed.
The skeletal warrior hits you with a +0 flail!!
You die...

####.........#
####............#
#....##......####
#..............#
#..#####.#.###.#
#..#..#..##.. ..#
#..#.#..#..#.#
)..
#...#.#####.## ##
#..##@#.# #
#..#.#z#
#..##.#.# #..##.
## #..#.# #..#.
#...# #... .#


You could see a skeletal warrior.

Vanquished Creatures
  Sigmund (D:3)
  A wraith (D:7)
  A steam dragon (D:6)
  2 orc warriors
  2 black bears
  A sky beast (D:6)
  2 ice beasts (D:7)
  An ogre (D:6)
  A centaur (D:6)
  2 phantoms
  2 necrophages
  A kobold brigand (D:5)
  5 scorpions
  An orc priest (D:7)
  2 hounds
  An iguana (D:6)
  5 orc wizards
  7 adders
  3 shadow imps
  An ufetubus (D:4)
  2 worms
  A dart slug (D:4)
  19 orcs
  7 ball pythons
  5 bats
  5 endoplasms
  2 giant cockroaches
  3 goblins
  5 hobgoblins
  4 jackals (D:5)
  5 quokkas
  3 frilled lizards
  6 kobolds
  5 rats
114 creatures vanquished.

Notes
Turn   | Place    | Note
-------+----------+-------------------------------------------
     0 | D:1      | jfcaron the Minotaur Fighter began the quest for the Orb.
     0 | D:1      | Reached XP level 1. HP: 19/19 MP: 0/0
   383 | D:1      | Reached XP level 2. HP: 27/27 MP: 1/1
   736 | D:2      | Reached skill level 3 in Axes
   764 | D:2      | Reached XP level 3. HP: 22/33 MP: 2/2
   885 | D:2      | Identified the +10 battleaxe "Hydra's Death Toll" {pain,
                  | rElec rCorr}
  1342 | D:2      | Reached XP level 4. HP: 35/40 MP: 3/3
  1415 | D:2      | Found a faded altar of an unknown god.
  1788 | D:3      | Found a radiant altar of Vehumet.
  1802 | D:3      | Found a sacrificial altar of Ru.
  1803 | D:3      | Found a broken altar of Ashenzari.
  1804 | D:3      | Found a burning altar of Makhleb.
  1805 | D:3      | Found a shimmering blue altar of Sif Muna.
  1811 | D:3      | Became a worshipper of Ru the Awakened
  1947 | D:3      | Noticed Sigmund
  1957 | D:3      | Killed Sigmund
  1958 | D:3      | Reached skill level 5 in Axes
  1958 | D:3      | Reached skill level 1 in Necromancy
  1958 | D:3      | Reached XP level 5. HP: 29/47 MP: 4/4
  2616 | D:4      | Reached XP level 6. HP: 54/55 MP: 5/5
  2618 | D:4      | Reached skill level 5 in Fighting
  2618 | D:4      | Reached skill level 5 in Armour
  2998 | D:4      | Found a staircase to the Ecumenical Temple.
  3356 | D:5      | Entered Level 5 of the Dungeon
  3362 | D:5      | Reached skill level 6 in Axes
  3362 | D:5      | Reached XP level 7. HP: 56/61 MP: 6/6
  3373 | D:5      | Gained mutation: You cannot be stealthy. [Ru sacrifice]
  3788 | D:5      | Identified a scroll of acquirement
  3788 | D:5      | Acquired 513 gold pieces
  3803 | D:5      | Reached skill level 7 in Axes
  4184 | D:6      | Reached XP level 8. HP: 48/70 MP: 7/7
  4412 | D:6      | Reached skill level 8 in Axes
  5279 | D:7      | Found a bloodstained altar of Trog.
  5420 | D:7      | Reached skill level 9 in Axes
  5456 | D:6      | Reached XP level 9. HP: 31/79 MP: 8/8
  5755 | D:7      | Noticed a skeletal warrior
  5768 | D:7      | Mangled by a skeletal warrior

Illustrated notes

Levels and vault maps discovered:
D:1:      nicolae_arrival_washed_ashore, layout_rooms, serial_aquarium,
          aquarium_bridge_long_separate [aquarium_subvault_bridge,
          aquarium_subvault_bridge, aquarium_subvault_wall,
          aquarium_subvault_bridge, aquarium_subvault_balcony,
          aquarium_subvault_wall], aquarium_window_fake, aquarium_window_2,
          aquarium_window_3, aquarium_view_2d, aquarium_balcony_5a,
          aquarium_pool_corner
D:2:      layout_basic, ebering_ecumenical_altar_box, minmay_nonomino_d4
D:3:      layout_loops_cross, grunt_temple_overflow_open, corner_web_ring,
          uniq_sigmund
D:4:      layout_basic, temple_pool_b
D:5:      layout_basic
D:6:      layout_loops_cross, dk_noncrumbling_3, minmay_holes,
          nicolae_figureground_sparkle
D:7:      layout_basic, trog_three_pillars_becter, serial_glass,
          glass_columns_c, glass_columns_a, glass_columns_c, glass_columns_b,
          glass_columns_c, minmay_guarded_unrand_finisher, uniq_menkaure

Skill      XL: |  1  2  3  4  5  6  7  8 |
---------------+-------------------------+-----
Axes           | 3 5 6 7 9 |  9.5
Fighting       | 4 5 6 7 |  7.5
Armour         | 4 5 6 7 |  7.5
Shields        | 4 |  4.0
Necromancy     | 1 2 3 |  3.7

Action                   |  1- 3 |  4- 6 |  7- 9 || total
-------------------------+-------+-------+-------++-------
Melee: War axe           |    45 |       |       ||    45
       Headbutt          |     4 |     7 |    19 ||    30
       Battleaxe         |    20 |    54 |   114 ||   188
Invok: Sacrifice Stealth |       |       |     1 ||     1
Evoke: Wand              |       |       |     2 ||     2
  Use: Scroll            |       |     9 |     5 ||    14
       Potion            |       |       |     1 ||     1
Armor: Scale mail        |    31 |    22 |    62 ||   115
Dodge: Dodged            |    35 |    31 |    98 ||   164
Block: Buckler           |    13 |       |       ||    13
